TOP OF THE 1ST |
Cedar Rapids Cardinals batting - Pitching for Burlington Bees : RHP Paul Soth
|
Pitching: RHP Paul Soth
|
|
Batting: SHB Steve McAllister
|
0-0: Foul Ball, location: 2F 0-1: Swinging Strike 0-2: Strikes out swinging
|
Batting: RHB Carson Carroll
|
0-0: Ground out 6-3 (Groundball, 15, EV 84.4 MPH)
|
Batting: RHB Nehames Bernstine
|
0-0: Called Strike 0-1: Ball 1-1: Ball 2-1: Ball 3-1: Swinging Strike 3-2: Fly out, F8 (Flyball, 78M, EV 87.5 MPH)
|
Top of the 1st over - 0 runs, 0 hits, 0 errors, 0 left on base; Cedar Rapids 0 - Burlington 0 |
BOTTOM OF THE 1ST |
Burlington Bees batting - Pitching for Cedar Rapids Cardinals : RHP Scott Pyle
|
Pitching: RHP Scott Pyle
|
|
Batting: LHB Herm Winningham
|
0-0: Ball 1-0: Ball 2-0: Bunt missed! 2-1: Ball 3-1: Fly out, F6 (Line Drive, 6, EV 70.0 MPH)
|
Batting: LHB Brian Devalk
|
0-0: Ball 1-0: Ball 2-0: Called Strike 2-1: Ground out 5-3 (Groundball, 56S, EV 79.4 MPH)
|
Batting: RHB Javier Ortiz
|
0-0: Ball 1-0: Reached on error, E3 (Flyball, 3D, EV 82.5 MPH)
|
Batting: RHB Steve Buechele
|
0-0: Ball Javier Ortiz steals 2nd base 1-0: Swinging Strike 1-1: Foul Ball, location: 2F 1-2: Foul Ball, location: 2F 1-2: Strikes out swinging
|
Bottom of the 1st over - 0 runs, 0 hits, 1 error, 1 left on base; Cedar Rapids 0 - Burlington 0 |
TOP OF THE 2ND |
Cedar Rapids Cardinals batting - Pitching for Burlington Bees : RHP Paul Soth
|
Batting: RHB Ronald Grout
|
0-0: Foul Ball, location: 2F 0-1: Foul Ball, location: 2F 0-2: Foul Ball, location: 2F 0-2: Ball 1-2: Reached on error, E4 (Groundball, 4M, EV 88.8 MPH)
|
Batting: RHB Mark Poole
|
0-0: Ball 1-0: Grounds into double play, 4-6-3 (Groundball, 34D, EV 80.0 MPH)
|
Batting: RHB Dean Kornacker
|
0-0: Ball 1-0: Fly out, F9 (Flyball, 9LS, EV 90.6 MPH)
|
Top of the 2nd over - 0 runs, 0 hits, 1 error, 0 left on base; Cedar Rapids 0 - Burlington 0 |
BOTTOM OF THE 2ND |
Burlington Bees batting - Pitching for Cedar Rapids Cardinals : RHP Scott Pyle
|
Batting: RHB Bob Glendening
|
0-0: Swinging Strike 0-1: Foul Ball, location: 2F 0-2: Foul Ball, location: 2F 0-2: Fly out, F9 (Flyball, 89S, EV 85.6 MPH)
|
Batting: LHB Frank Hardy
|
0-0: Ball 1-0: Ball 2-0: Called Strike 2-1: DOUBLE (Groundball, 3L, EV 105.6 MPH)
|
Batting: RHB Mike Quade
|
0-0: Ball 1-0: Foul Ball, location: 2F 1-1: Called Strike 1-2: Ground out 5-3 (Groundball, 56, EV 89.4 MPH)
|
Batting: RHB Mike Morse
|
0-0: Fly out, F9 (Flyball, 89S, EV 88.1 MPH)
|
Bottom of the 2nd over - 0 runs, 1 hit, 0 errors, 1 left on base; Cedar Rapids 0 - Burlington 0 |
TOP OF THE 3RD |
Cedar Rapids Cardinals batting - Pitching for Burlington Bees : RHP Paul Soth
|
Batting: SHB Bryan Hoppie
|
0-0: Ball 1-0: Foul Ball, location: 2F 1-1: Swinging Strike 1-2: Ball 2-2: Ball 3-2: Strikes out looking
|
Batting: SHB Duane Johnson
|
0-0: Swinging Strike 0-1: Called Strike 0-2: Ball 1-2: Strikes out swinging
|
Batting: RHB Chris Gandy
|
0-0: Ball 1-0: Fly out, F8 (Line Drive, 8LD, EV 93.1 MPH)
|
Top of the 3rd over - 0 runs, 0 hits, 0 errors, 0 left on base; Cedar Rapids 0 - Burlington 0 |
BOTTOM OF THE 3RD |
Burlington Bees batting - Pitching for Cedar Rapids Cardinals : RHP Scott Pyle
|
Batting: RHB Bob Hicks
|
0-0: Called Strike 0-1: Ball 1-1: Swinging Strike 1-2: Foul Ball, location: 2F 1-2: Ball 2-2: Ball 3-2: Foul Ball, location: 2F 3-2: Single, Error in OF, E7, batter to second base (Line Drive, 7S, EV 110.6 MPH)
|
Batting: LHB Herm Winningham
|
0-0: Ball 1-0: Ground out U3 (Groundball, 34S, EV 79.4 MPH) Bob Hicks to third
|
Batting: LHB Brian Devalk
|
0-0: Foul Ball, location: 2F 0-1: Ball 1-1: Foul Ball, location: 2F 1-2: Foul Ball, location: 2F 1-2: Ball 2-2: Strikes out looking
|
Batting: RHB Javier Ortiz
|
0-0: Ground out U3 (Groundball, 3L, EV 86.3 MPH)
|
Bottom of the 3rd over - 0 runs, 1 hit, 1 error, 1 left on base; Cedar Rapids 0 - Burlington 0 |
TOP OF THE 4TH |
Cedar Rapids Cardinals batting - Pitching for Burlington Bees : RHP Paul Soth
|
Batting: SHB Steve McAllister
|
0-0: Called Strike 0-1: Called Strike 0-2: Ball 1-2: Ground out 4-3 (Groundball, 34, EV 106.3 MPH)
|
Batting: RHB Carson Carroll
|
0-0: Called Strike 0-1: Called Strike 0-2: Fly out, F2 (Popup, 23F, EV 83.1 MPH)
|
Batting: RHB Nehames Bernstine
|
0-0: Ball 1-0: Ball 2-0: Called Strike 2-1: Foul Ball, location: 2F 2-2: Foul Ball, location: 2F 2-2: Foul Ball, location: 2F 2-2: Foul Ball, location: 2F 2-2: Ball 3-2: Foul Ball, location: 2F 3-2: Base on Balls
|
Batting: RHB Ronald Grout
|
0-0: Ball 1-0: Fly out, F7 (Flyball, 7, EV 87.5 MPH)
|
Top of the 4th over - 0 runs, 0 hits, 0 errors, 1 left on base; Cedar Rapids 0 - Burlington 0 |
BOTTOM OF THE 4TH |
Burlington Bees batting - Pitching for Cedar Rapids Cardinals : RHP Scott Pyle
|
Batting: RHB Steve Buechele
|
0-0: Called Strike 0-1: Swinging Strike 0-2: Ground out 6-3 (Groundball, 6, EV 95.6 MPH)
|
Batting: RHB Bob Glendening
|
0-0: Called Strike 0-1: Ball 1-1: Ball 2-1: Called Strike 2-2: Ball 3-2: Reached on error, E5 (Groundball, 56S, EV 63.1 MPH)
|
Batting: LHB Frank Hardy
|
0-0: Ball 1-0: DOUBLE (Line Drive, 89D, EV 100.6 MPH) Bob Glendening to third Runner from 3rd tries for Home, SAFE, throw by CF to trailing runner, OUT at third! 8-3-5
|
Batting: RHB Mike Quade
|
0-0: Ball 1-0: Ball 2-0: Reached on error, E6 (Groundball, 6, EV 81.3 MPH)
|
Batting: RHB Mike Morse
|
0-0: Ball 1-0: Ball 2-0: Called Strike 2-1: Ground out 4-3 (Groundball, 34, EV 103.1 MPH)
|
Bottom of the 4th over - 1 run, 1 hit, 2 errors, 1 left on base; Cedar Rapids 0 - Burlington 1 |
TOP OF THE 5TH |
Cedar Rapids Cardinals batting - Pitching for Burlington Bees : RHP Paul Soth
|
Batting: RHB Mark Poole
|
0-0: SINGLE (Groundball, 6MD, EV 101.3 MPH)
|
Batting: RHB Dean Kornacker
|
0-0: Ball 1-0: Foul Ball, location: 2F 1-1: Foul Ball, location: 2F 1-2: Ball 2-2: Foul Ball, location: 2F 2-2: Ball 3-2: Base on Balls Mark Poole to second
|
Batting: SHB Bryan Hoppie
|
0-0: Ball 1-0: Fielders Choice at 2nd, 2-4 (Groundball, 15S, EV 72.5 MPH) Mark Poole to third
|
Batting: SHB Duane Johnson
|
0-0: Swinging Strike 0-1: Fielders Choice at 2nd, 5-4 (Groundball, 25, EV 85.6 MPH) Mark Poole scores
|
Batting: RHB Chris Gandy
|
0-0: Fly out, F9 (Flyball, 89XD, EV 82.5 MPH)
|
Top of the 5th over - 1 run, 1 hit, 0 errors, 1 left on base; Cedar Rapids 1 - Burlington 1 |
BOTTOM OF THE 5TH |
Burlington Bees batting - Pitching for Cedar Rapids Cardinals : RHP Scott Pyle
|
Batting: RHB Bob Hicks
|
0-0: TRIPLE (Flyball, 89XD, EV 94.4 MPH)
|
Batting: LHB Herm Winningham
|
0-0: Ball 1-0: Fly out, F8 (Line Drive, 8LD, EV 95.6 MPH) Runner from 3rd tags up, SCORES, throw by CF
|
Batting: LHB Brian Devalk
|
0-0: Ball 1-0: Foul Ball, location: 2F 1-1: Ground out 1-3 (Groundball, 13S, EV 66.9 MPH)
|
Batting: RHB Javier Ortiz
|
0-0: Called Strike 0-1: Ball 1-1: Foul Ball, location: 2F 1-2: Ball 2-2: Ball 3-2: Foul Ball, location: 2F 3-2: Foul Ball, location: 2F 3-2: Strikes out looking
|
Bottom of the 5th over - 1 run, 1 hit, 0 errors, 0 left on base; Cedar Rapids 1 - Burlington 2 |
TOP OF THE 6TH |
Cedar Rapids Cardinals batting - Pitching for Burlington Bees : RHP Paul Soth
|
Batting: SHB Steve McAllister
|
0-0: Ball 1-0: Ball 2-0: Ball 3-0: Called Strike 3-1: Foul Ball, location: 2F 3-2: Foul Ball, location: 2F 3-2: Base on Balls
|
Batting: RHB Carson Carroll
|
0-0: Bunted foul 0-1: Bunt missed! 0-2: Ball 1-2: Strikes out swinging
|
Batting: RHB Nehames Bernstine
|
0-0: Called Strike 0-1: Ball 1-1: Foul Ball, location: 2F 1-2: Ball 2-2: Ball Steve McAllister is caught stealing 2nd base 2-4 3-2: Fly out, F5 (Popup, 56, EV 69.4 MPH)
|
Top of the 6th over - 0 runs, 0 hits, 0 errors, 0 left on base; Cedar Rapids 1 - Burlington 2 |
BOTTOM OF THE 6TH |
Burlington Bees batting - Pitching for Cedar Rapids Cardinals : RHP Scott Pyle
|
Batting: RHB Steve Buechele
|
0-0: Ball 1-0: Ball 2-0: Swinging Strike 2-1: Ball 3-1: Ground out 6-3 (Groundball, 6, EV 108.8 MPH)
|
Batting: RHB Bob Glendening
|
0-0: Ball 1-0: Swinging Strike 1-1: Swinging Strike 1-2: Strikes out swinging
|
Batting: LHB Frank Hardy
|
0-0: Called Strike 0-1: Ground out 4-3 (Groundball, 4M, EV 100.6 MPH)
|
Bottom of the 6th over - 0 runs, 0 hits, 0 errors, 0 left on base; Cedar Rapids 1 - Burlington 2 |
TOP OF THE 7TH |
Cedar Rapids Cardinals batting - Pitching for Burlington Bees : RHP Paul Soth
|
Batting: RHB Ronald Grout
|
0-0: Ball 1-0: Ground out 5-3 (Groundball, 56, EV 106.3 MPH)
|
Batting: RHB Mark Poole
|
0-0: Called Strike 0-1: Foul Ball, location: 2F 0-2: Ball 1-2: Strikes out swinging
|
Batting: RHB Dean Kornacker
|
0-0: Swinging Strike 0-1: Ball 1-1: Foul Ball, location: 2F 1-2: Ball 2-2: Ball 3-2: Base on Balls
|
Pinch Hitting: LHB Robert O'Leath
|
0-0: Ball 1-0: Foul Ball, location: 2F Balk! Dean Kornacker to second 1-1: Foul Ball, location: 2F 1-2: Strikes out swinging
|
Top of the 7th over - 0 runs, 0 hits, 0 errors, 1 left on base; Cedar Rapids 1 - Burlington 2 |
BOTTOM OF THE 7TH |
Burlington Bees batting - Pitching for Cedar Rapids Cardinals : RHP Scott Pyle
|
Now at 2B: Miguel Sosa
|
|
Batting: RHB Mike Quade
|
0-0: Called Strike 0-1: Swinging Strike 0-2: Foul Ball, location: 2F 0-2: Ball 1-2: Ball 2-2: Ball 3-2: Base on Balls
|
Batting: RHB Mike Morse
|
0-0: SINGLE (Groundball, 6MD, EV 98.1 MPH) Mike Quade to second Runner from 2nd tries for 3rd, SAFE, throw by CF made to third Mike Morse to second
|
Batting: RHB Bob Hicks
|
0-0: Ball 1-0: Ball 2-0: SINGLE (Groundball, 6D, EV 93.8 MPH) Mike Quade scores Mike Morse to third Runner from 3rd tries for Home, SAFE, throw by LF to home
|
Batting: LHB Herm Winningham
|
0-0: Ball 1-0: Foul Ball, location: 2F 1-1: Ball 2-1: Swinging Strike 2-2: Ball 3-2: 2-RUN HOME RUN (Flyball, 9D, EV 113.1 MPH), Distance : 385 ft
|
Pitching: LHP Jeff Twitty
|
|
Batting: LHB Brian Devalk
|
0-0: Ball 1-0: Ball 2-0: Fly out, F7 (Flyball, 7, EV 95.0 MPH)
|
Batting: RHB Javier Ortiz
|
0-0: Swinging Strike 0-1: Ball 1-1: Ball 2-1: SINGLE (Groundball, 56D, EV 98.1 MPH)
|
Batting: RHB Steve Buechele
|
0-0: Ball 1-0: Fielders Choice at 2nd, 3-6 (Groundball, 34, EV 79.4 MPH)
|
Batting: RHB Bob Glendening
|
0-0: Ball 1-0: Foul Ball, location: 2F 1-1: Called Strike 1-2: Ball 2-2: Foul Ball, location: 2F 2-2: SINGLE (Line Drive, 56D, EV 108.1 MPH) Steve Buechele to second
|
Batting: LHB Frank Hardy
|
0-0: Foul Ball, location: 2F 0-1: Fly out, F7 (Flyball, 7D, EV 101.9 MPH)
|
Bottom of the 7th over - 4 runs, 5 hits, 0 errors, 2 left on base; Cedar Rapids 1 - Burlington 6 |
TOP OF THE 8TH |
Cedar Rapids Cardinals batting - Pitching for Burlington Bees : RHP Paul Soth
|
Batting: SHB Duane Johnson
|
0-0: Called Strike 0-1: Fly out, F6 (Popup, P, EV 85.6 MPH)
|
Batting: RHB Chris Gandy
|
0-0: Ground out 5-3 (Groundball, 56S, EV 82.5 MPH)
|
Batting: SHB Steve McAllister
|
0-0: Ball 1-0: Called Strike 1-1: Called Strike 1-2: DOUBLE (Line Drive, 78M, EV 101.9 MPH)
|
Batting: RHB Carson Carroll
|
0-0: Called Strike 0-1: Ball 1-1: SINGLE (Line Drive, 8RS, EV 106.9 MPH) Steve McAllister to third Runner from 3rd tries for Home, SAFE, throw by CF to home Carson Carroll to second
|
Batting: RHB Nehames Bernstine
|
0-0: Ball 1-0: Ball 2-0: Swinging Strike 2-1: SINGLE (Groundball, 4MD, EV 107.5 MPH) Carson Carroll to third Runner from 3rd tries for Home, SAFE, throw by CF to home Nehames Bernstine to second
|
Batting: RHB Ronald Grout
|
0-0: Ball 1-0: Ball 2-0: Called Strike 2-1: Ball 3-1: Foul Ball, location: 2F 3-2: Base on Balls
|
Batting: RHB Mark Poole
|
0-0: Ball 1-0: Ball 2-0: SINGLE (Line Drive, 7S, EV 105.0 MPH) Nehames Bernstine to third Ronald Grout to second Runner from 3rd tries for Home, SAFE, throw by LF to home
|
Batting: RHB Dean Kornacker
|
0-0: Ball 1-0: Foul Ball, location: 2F 1-1: Fly out, F7 (Line Drive, 7, EV 87.5 MPH)
|
Top of the 8th over - 3 runs, 4 hits, 0 errors, 2 left on base; Cedar Rapids 4 - Burlington 6 |
BOTTOM OF THE 8TH |
Burlington Bees batting - Pitching for Cedar Rapids Cardinals : LHP Jeff Twitty
|
Batting: RHB Mike Quade
|
0-0: Ball 1-0: Ball 2-0: Ground out 6-3 (Groundball, 56, EV 91.9 MPH)
|
Batting: RHB Mike Morse
|
0-0: Called Strike 0-1: Ball 1-1: Foul Ball, location: 2F 1-2: Foul Ball, location: 2F 1-2: Strikes out swinging
|
Batting: RHB Bob Hicks
|
0-0: Ball 1-0: Ball 2-0: Ground out 6-3 (Groundball, 6, EV 85.0 MPH)
|
Bottom of the 8th over - 0 runs, 0 hits, 0 errors, 0 left on base; Cedar Rapids 4 - Burlington 6 |
TOP OF THE 9TH |
Cedar Rapids Cardinals batting - Pitching for Burlington Bees : RHP Paul Soth
|
Pitching: RHP Roland Dickerson
|
|
Batting: RHB Miguel Sosa
|
0-0: Called Strike 0-1: SOLO HOME RUN (Flyball, 7LD, EV 90.0 MPH), Distance : 349 ft
|
Pinch Hitting: RHB Reggie D Williams
|
0-0: Swinging Strike 0-1: Foul Ball, location: 2F 0-2: Ball 1-2: Ground out 4-3 (Groundball, 4, EV 88.8 MPH)
|
Pinch Hitting: LHB Kyle Sanford
|
0-0: Ball 1-0: Called Strike 1-1: SINGLE (Flyball, 56D, EV 88.1 MPH)
|
Batting: SHB Steve McAllister
|
0-0: Ball 1-0: Fielders Choice at 2nd, 4-6 (Groundball, 34, EV 110.0 MPH)
|
Batting: RHB Carson Carroll
|
0-0: Called Strike 0-1: Ball 1-1: SINGLE (Groundball, 56S, EV 68.8 MPH) (infield hit) Steve McAllister to second
|
Batting: RHB Nehames Bernstine
|
0-0: Ground out 5-3 (Groundball, 56S, EV 66.3 MPH)
|
Top of the 9th over - 1 run, 3 hits, 0 errors, 2 left on base; Cedar Rapids 5 - Burlington 6 |
|